cohdb
Replays
Latest Replays
All Replays
Popular Replays
Top Player Replays
Match Explorer
How It Works
Community
CoH3 Stats
Reddit
Sign in to upload your games and track your stats! →
Sign in with Steam
Match 46749108
Unlisted
Match 46749108
Overview
Messages
Build Orders
End
Royal Engineer Section
Construct Section Command Post
Infantry Section
Vickers Machine Gun Team
Grenade Package
Infantry Section
Construct Platoon Command Post
Humber Armored Car
Infantry Section
Selects Heavy Armor Battlegroup
Selects Rigorous Vehicle Training
Selects Forward Repair Assembly
Infantry Section
Humber Armored Car
Infantry Section
6-pounder Anti-tank Gun Team
6-pounder Anti-tank Gun Team
Vickers Machine Gun Team
Selects Churchill Black Prince Heavy Tank
Churchill Black Prince Heavy Tank
Vickers Machine Gun Team
Stana
aSIIDemolitionHammer
乌拉
天天关注喵
0
0
Comments
sign in to comment!
No comments posted yet!